TOP OF THE 1ST |
Key West Barracudas batting - Pitching for New Hampshire Fisher Cats : LHP Paul Adams
|
Pitching: LHP Paul Adams
|
|
Batting: SHB Rodney Birling
|
0-0: Called Strike 0-1: Swinging Strike 0-2: Foul Ball, location: 2F 0-2: Ball 1-2: Ball 2-2: Foul Ball, location: 2F 2-2: Ground out 5-3 (Groundball, 56)
|
Batting: RHB Carlos Bravo
|
0-0: Ball 1-0: Ball 2-0: Called Strike 2-1: Swinging Strike 2-2: Strikes out swinging
|
Batting: RHB Richard Sanders
|
0-0: Ball 1-0: Ground out 3-1 (Groundball, 34S)
|
Top of the 1st over - 0 run(s), 0 hit(s), 0 error(s), 0 left on base; Key West 0 - New Hampshire 0 |
BOTTOM OF THE 1ST |
New Hampshire Fisher Cats batting - Pitching for Key West Barracudas : RHP Lawrence Fish
|
Pitching: RHP Lawrence Fish
|
|
Batting: RHB Franklin Lawrence
|
0-0: Ball 1-0: Foul Ball, location: 2F 1-1: Swinging Strike 1-2: Strikes out looking
|
Batting: RHB Michael Kent
|
0-0: Ball 1-0: Ball 2-0: Ball 3-0: Base on Balls
|
Batting: RHB Anthony Hezell
|
0-0: Ball 1-0: Ball 2-0: Fielders Choice at 2nd, 1-4 (Groundball, 25)
|
Batting: LHB Cam Flowers
|
0-0: Swinging Strike 0-1: Foul Ball, location: 2F 0-2: Fly out, F9 (Line Drive, 89M)
|
Bottom of the 1st over - 0 run(s), 0 hit(s), 0 error(s), 1 left on base; Key West 0 - New Hampshire 0 |
TOP OF THE 2ND |
Key West Barracudas batting - Pitching for New Hampshire Fisher Cats : LHP Paul Adams
|
Batting: RHB Anastasio Villa
|
0-0: Foul Ball, location: 2F 0-1: Ground out 5-3 (Groundball, 56)
|
Batting: LHB Motoki Hirata
|
0-0: Foul Ball, location: 2F 0-1: Ball 1-1: Ball 2-1: Foul Ball, location: 2F 2-2: Ball 3-2: Strikes out swinging
|
Batting: LHB Domingo Ledesma
|
0-0: Ball 1-0: Swinging Strike 1-1: Ball 2-1: Ball 3-1: Base on Balls
|
Batting: RHB Carlos Miranda
|
0-0: Swinging Strike 0-1: Ball 1-1: Foul Ball, location: 2F 1-2: Ball 2-2: Strikes out swinging
|
Top of the 2nd over - 0 run(s), 0 hit(s), 0 error(s), 1 left on base; Key West 0 - New Hampshire 0 |
BOTTOM OF THE 2ND |
New Hampshire Fisher Cats batting - Pitching for Key West Barracudas : RHP Lawrence Fish
|
Batting: RHB Felipe Rivas
|
0-0: Ground out 2-3 (Groundball, 25)
|
Batting: RHB Si-xun Li
|
0-0: Ball 1-0: Foul Ball, location: 2F 1-1: Swinging Strike 1-2: Strikes out swinging
|
Batting: RHB Benjamin Lawson
|
0-0: Called Strike 0-1: Ball 1-1: Ball 2-1: Ball 3-1: Base on Balls
|
Batting: LHB Tony Rivera
|
0-0: Ground out U3 (Groundball, 3)
|
Bottom of the 2nd over - 0 run(s), 0 hit(s), 0 error(s), 1 left on base; Key West 0 - New Hampshire 0 |
TOP OF THE 3RD |
Key West Barracudas batting - Pitching for New Hampshire Fisher Cats : LHP Paul Adams
|
Batting: LHB Daniel Byrd
|
0-0: Called Strike 0-1: Called Strike 0-2: SINGLE (Groundball, 3D)
|
Batting: RHB Dan Craft
|
0-0: Ball 1-0: Called Strike 1-1: Fly out, F6 (Popup, 78S)
|
Batting: SHB Rodney Birling
|
0-0: Ball 1-0: Called Strike 1-1: Ball 2-1: Called Strike 2-2: Strikes out swinging
|
Batting: RHB Carlos Bravo
|
0-0: Called Strike 0-1: Ball 1-1: Called Strike 1-2: Ball 2-2: Foul Ball, location: 2F 2-2: Fly out, F9 (Flyball, 89M)
|
Top of the 3rd over - 0 run(s), 1 hit(s), 0 error(s), 1 left on base; Key West 0 - New Hampshire 0 |
BOTTOM OF THE 3RD |
New Hampshire Fisher Cats batting - Pitching for Key West Barracudas : RHP Lawrence Fish
|
Batting: RHB Albert Alemán
|
0-0: Called Strike 0-1: Called Strike 0-2: Ball 1-2: Ball
|
|
|
|
2-2: Ball 3-2: Base on Balls
|
Batting: RHB Franklin Lawrence
|
0-0: Called Strike 0-1: Called Strike 0-2: Ball 1-2: SINGLE (Line Drive, 4MD) Albert Alemán to second
|
Batting: RHB Michael Kent
|
0-0: Called Strike 0-1: Hit by Pitch Albert Alemán to third Franklin Lawrence to second
|
Batting: RHB Anthony Hezell
|
0-0: Swinging Strike 0-1: Ball 1-1: Swinging Strike 1-2: Ball 2-2: Foul Ball, location: 2F 2-2: Foul Ball, location: 2F 2-2: Ball 3-2: Foul Ball, location: 2F 3-2: Foul Ball, location: 2F 3-2: Foul Ball, location: 2F 3-2: Base on Balls Albert Alemán scores Franklin Lawrence to third Michael Kent to second
|
Batting: LHB Cam Flowers
|
0-0: Swinging Strike 0-1: Swinging Strike 0-2: Strikes out swinging
|
Batting: RHB Felipe Rivas
|
0-0: Ball 1-0: SINGLE (Groundball, 4MD) Franklin Lawrence scores Michael Kent to third Anthony Hezell to second Runner from 3rd tries for Home, SAFE, throw made home Anthony Hezell to third Felipe Rivas to second
|
Batting: RHB Si-xun Li
|
0-0: Ball 1-0: Ball 2-0: Foul Ball, location: 2F 2-1: Foul Ball, location: 2F 2-2: Ball 3-2: Base on Balls
|
Batting: RHB Benjamin Lawson
|
0-0: Ball 1-0: Ball 2-0: Called Strike 2-1: Foul Ball, location: 2F 2-2: Strikes out swinging
|
Batting: LHB Tony Rivera
|
0-0: Fly out, F7 (Flyball, 7M)
|
Bottom of the 3rd over - 3 run(s), 2 hit(s), 0 error(s), 3 left on base; Key West 0 - New Hampshire 3 |
TOP OF THE 4TH |
Key West Barracudas batting - Pitching for New Hampshire Fisher Cats : LHP Paul Adams
|
Batting: RHB Richard Sanders
|
0-0: Ball 1-0: Called Strike 1-1: Fly out, F8 (Flyball, 8RM)
|
Batting: RHB Anastasio Villa
|
0-0: Foul Ball, location: 2F 0-1: Ball 1-1: Called Strike 1-2: Strikes out swinging
|
Batting: LHB Motoki Hirata
|
0-0: Ball 1-0: Fly out, F8 (Flyball, 8LM)
|
Top of the 4th over - 0 run(s), 0 hit(s), 0 error(s), 0 left on base; Key West 0 - New Hampshire 3 |
BOTTOM OF THE 4TH |
New Hampshire Fisher Cats batting - Pitching for Key West Barracudas : RHP Lawrence Fish
|
Batting: RHB Albert Alemán
|
0-0: Ball 1-0: Foul Ball, location: 2F 1-1: Called Strike 1-2: Strikes out looking
|
Batting: RHB Franklin Lawrence
|
0-0: Foul Ball, location: 2F 0-1: SINGLE (Line Drive, 9S)
|
Batting: RHB Michael Kent
|
0-0: Ball 1-0: Foul Ball, location: 2F 1-1: Ball 2-1: Called Strike 2-2: Fly out, F6 (Line Drive, 4MS)
|
Batting: RHB Anthony Hezell
|
0-0: Called Strike 0-1: Ball Franklin Lawrence steals 2nd base 1-1: Fly out, F8 (Flyball, 8RM)
|
Bottom of the 4th over - 0 run(s), 1 hit(s), 0 error(s), 1 left on base; Key West 0 - New Hampshire 3 |
TOP OF THE 5TH |
Key West Barracudas batting - Pitching for New Hampshire Fisher Cats : LHP Paul Adams
|
Batting: LHB Domingo Ledesma
|
0-0: Fly out, F4 (Line Drive, 4M)
|
Batting: RHB Carlos Miranda
|
0-0: Foul Ball, location: 2F 0-1: Ball 1-1: Swinging Strike 1-2: Ball 2-2: SINGLE (Line Drive, 56)
|
Batting: LHB Daniel Byrd
|
0-0: Called Strike 0-1: Fly out, F9 (Flyball, 9M)
|
Batting: RHB Dan Craft
|
0-0: Ground out 5-3 (Groundball, 56S)
|
Top of the 5th over - 0 run(s), 1 hit(s), 0 error(s), 1 left on base; Key West 0 - New Hampshire 3 |
BOTTOM OF THE 5TH |
New Hampshire Fisher Cats batting - Pitching for Key West Barracudas : RHP Lawrence Fish
|
Batting: LHB Cam Flowers
|
0-0: Ball 1-0: Foul Ball, location: 2F 1-1: Swinging Strike 1-2: Ball 2-2: Foul Ball, location: 2F 2-2: SINGLE (Groundball, 2R) (infield hit)
|
Pitching: RHP Gerald Núñez
|
|
Batting: RHB Felipe Rivas
|
0-0: Ball 1-0: Foul Ball, location: 2F 1-1: Called Strike 1-2: Fly out, F4 (Popup, 8RS)
|
Batting: RHB Si-xun Li
|
0-0: Swinging Strike 0-1: Ball 1-1: Ball 2-1: Ball 3-1: Fly out, F8 (Flyball, 8LD)
|
Batting: RHB Benjamin Lawson
|
0-0: Fly out, F9 (Flyball, 9D)
|
Bottom of the 5th over - 0 run(s), 1 hit(s), 0 error(s), 1 left on base; Key West 0 - New Hampshire 3 |
TOP OF THE 6TH |
Key West Barracudas batting - Pitching for New Hampshire Fisher Cats : LHP Paul Adams
|
Batting: SHB Rodney Birling
|
0-0: Foul Ball, location: 2F 0-1: Ground out 5-3 (Groundball, 5S)
|
Batting: RHB Carlos Bravo
|
0-0: Swinging Strike 0-1: Fly out, F7 (Flyball, 7D)
|
Batting: RHB Richard Sanders
|
0-0: Called Strike 0-1: Called Strike 0-2: Strikes out swinging
|
Top of the 6th over - 0 run(s), 0 hit(s), 0 error(s), 0 left on base; Key West 0 - New Hampshire 3 |
BOTTOM OF THE 6TH |
New Hampshire Fisher Cats batting - Pitching for Key West Barracudas : RHP Gerald Núñez
|
Batting: LHB Tony Rivera
|
0-0: Ball 1-0: Ball 2-0: Called Strike 2-1: Foul Ball, location: 2F 2-2: Ball 3-2: Ground out 4-3 (Groundball, 4)
|
Batting: RHB Albert Alemán
|
0-0: Ball 1-0: SINGLE (Line Drive, 89S)
|
Batting: RHB Franklin Lawrence
|
0-0: Called Strike 0-1: Fly out, F1 (Popup, 13S)
|
Batting: RHB Michael Kent
|
0-0: Ball 1-0: Foul Ball, location: 2F 1-1: Called Strike 1-2: Ball 2-2: Strikes out swinging
|
Bottom of the 6th over - 0 run(s), 1 hit(s), 0 error(s), 1 left on base; Key West 0 - New Hampshire 3 |
TOP OF THE 7TH |
Key West Barracudas batting - Pitching for New Hampshire Fisher Cats : LHP Paul Adams
|
Batting: RHB Anastasio Villa
|
0-0: Called Strike 0-1: Foul Ball, location: 2F 0-2: Ball 1-2: Strikes out swinging
|
Batting: LHB Motoki Hirata
|
0-0: SINGLE (Groundball, 3D)
|
Batting: LHB Domingo Ledesma
|
0-0: Called Strike 0-1: Ball 1-1: Foul Ball, location: 2F 1-2: Strikes out looking
|
Batting: RHB Carlos Miranda
|
0-0: Called Strike 0-1: Ball 1-1: Called Strike 1-2: Strikes out looking
|
Top of the 7th over - 0 run(s), 1 hit(s), 0 error(s), 1 left on base; Key West 0 - New Hampshire 3 |
BOTTOM OF THE 7TH |
New Hampshire Fisher Cats batting - Pitching for Key West Barracudas : RHP Gerald Núñez
|
Pitching: RHP Sean Harden
|
|
Batting: RHB Anthony Hezell
|
0-0: Ball 1-0: Ball 2-0: Called Strike 2-1: Foul Ball, location: 2F 2-2: DOUBLE (Flyball, 78XD)
|
Batting: LHB Cam Flowers
|
0-0: Ball 1-0: Foul Ball, location: 2F 1-1: Ball 2-1: Ball 3-1: Base on Balls
|
Batting: RHB Felipe Rivas
|
0-0: Called Strike 0-1: SINGLE (Flyball, 4MD) Anthony Hezell to third Cam Flowers to second
|
Batting: RHB Si-xun Li
|
0-0: Ball 1-0: Ball 2-0: Ball 3-0: Base on Balls Anthony Hezell scores Cam Flowers to third Felipe Rivas to second
|
Batting: RHB Benjamin Lawson
|
0-0: SINGLE (Line Drive, 6MD) Cam Flowers scores Felipe Rivas to third Si-xun Li to second
|
Batting: LHB Tony Rivera
|
0-0: Foul Ball, location: 2F 0-1: Ball 1-1: Called Strike 1-2: Strikes out swinging
|
Batting: RHB Albert Alemán
|
0-0: Ball 1-0: Grounds into double play, 6-4-3 (Groundball, 6)
|
Bottom of the 7th over - 2 run(s), 3 hit(s), 0 error(s), 2 left on base; Key West 0 - New Hampshire 5 |
TOP OF THE 8TH |
Key West Barracudas batting - Pitching for New Hampshire Fisher Cats : LHP Paul Adams
|
Now at C: Tim Robertson
|
|
Batting: LHB Daniel Byrd
|
0-0: Ball 1-0: SINGLE (Groundball, 4M)
|
Batting: RHB Dan Craft
|
0-0: Called Strike 0-1: Reached on error, E1 (Groundball, 23) Daniel Byrd to second
|
Batting: SHB Rodney Birling
|
0-0: Called Strike 0-1: Fly out, F8 (Flyball, 8RM)
|
Batting: RHB Carlos Bravo
|
0-0: Ball 1-0: Foul Ball, location: 2F 1-1: Ball 2-1: Swinging Strike 2-2: Ball 3-2: Base on Balls Daniel Byrd to third Dan Craft to second
|
Pitching: LHP Artie Nelson
|
|
Batting: RHB Richard Sanders
|
0-0: Ball 1-0: Ball 2-0: Called Strike 2-1: Fly out, F5 (Popup, 5F)
|
Pitching: RHP Vaughan Gillespie
|
|
Batting: RHB Anastasio Villa
|
0-0: Called Strike 0-1: Swinging Strike 0-2: Ball 1-2: Foul Ball, location: 2F 1-2: Ball 2-2: Foul Ball, location: 2F 2-2: Ball 3-2: Ground out 5-3 (Groundball, 5L)
|
Top of the 8th over - 0 run(s), 1 hit(s), 1 error(s), 3 left on base; Key West 0 - New Hampshire 5 |
BOTTOM OF THE 8TH |
New Hampshire Fisher Cats batting - Pitching for Key West Barracudas : RHP Sean Harden
|
Batting: RHB Franklin Lawrence
|
0-0: Ground out 6-3 (Groundball, 6)
|
Batting: RHB Michael Kent
|
0-0: Swinging Strike 0-1: Foul Ball, location: 2F 0-2: Ball 1-2: Ball 2-2: Foul Ball, location: 2F 2-2: Ball 3-2: Base on Balls
|
Batting: RHB Anthony Hezell
|
0-0: Ball 1-0: Foul Ball, location: 2F 1-1: Ball 2-1: TRIPLE (Line Drive, 89M) Michael Kent scores
|
Pitching: RHP George Bennion
|
|
Batting: LHB Cam Flowers
|
0-0: Foul Ball, location: 2F 0-1: Ball 1-1: Fly out, F8 (Line Drive, 8RS)
|
Batting: RHB Felipe Rivas
|
0-0: Called Strike 0-1: Swinging Strike 0-2: Foul Ball, location: 2F 0-2: Fly out, F3 (Popup, 3F)
|
Bottom of the 8th over - 1 run(s), 1 hit(s), 0 error(s), 1 left on base; Key West 0 - New Hampshire 6 |
TOP OF THE 9TH |
Key West Barracudas batting - Pitching for New Hampshire Fisher Cats : RHP Vaughan Gillespie
|
Batting: LHB Motoki Hirata
|
0-0: Called Strike 0-1: Swinging Strike 0-2: Ball 1-2: Ball 2-2: Ball 3-2: Strikes out swinging
|
Batting: LHB Domingo Ledesma
|
0-0: Foul Ball, location: 2F 0-1: Foul Ball, location: 2F 0-2: Ball 1-2: Reached on error, E4 (Groundball, 4)
|
Batting: RHB Carlos Miranda
|
0-0: Swinging Strike 0-1: Swinging Strike 0-2: Strikes out swinging
|
Batting: LHB Daniel Byrd
|
0-0: Ball 1-0: Foul Ball, location: 2F 1-1: Ball 2-1: Ball 3-1: Base on Balls Domingo Ledesma to second
|
Batting: RHB Dan Craft
|
0-0: Ball 1-0: Called Strike 1-1: Swinging Strike 1-2: Foul Ball, location: 2F 1-2: Ball 2-2: Strikes out swinging
|
Top of the 9th over - 0 run(s), 0 hit(s), 1 error(s), 2 left on base; Key West 0 - New Hampshire 6 |
|
Monday, December 5th, 2016 - OOTP Baseball 17.12 Build 75
|
|